 Dungeon Crawl Stone Soup version 0.30-b1-2-g02819fbbbe (webtiles) character file.

Game seed: 11382816132646239667

17685 Termiter the Reanimator (level 12, -7/86 HPs)
             Began as a Demonspawn Necromancer on July 19, 2023.
             Was an Elder of Nemelex Xobeh.
             Mangled by Gastronok the juggernaut (50 damage)
             ... on level 1 of the Lair of Beasts.
             The game lasted 00:21:03 (10815 turns).

Termiter the Reanimator (Demonspawn Necromancer)   Turns: 10815, Time: 00:21:03

Health: -7/86      AC: 16    Str: 10    XL:     12   Next: 21%
Magic:  19/24      EV: 17    Int: 20    God:    Nemelex Xobeh [****..]
Gold:   1000       SH:  0    Dex: 14    Spells: 18/27 levels left

rFire   + . .        b - +8 spear of the Big Bang {freeze, rPois}
rCold   + . .        (no shield)
rNeg    . . .        o - quicksilver dragon scales
rPois   +            (no helmet)
rElec   .            B - scarf {rC+ rF+}
rCorr   .            (no gloves)
SInv    .            u - +1 pair of boots
Will    +....        m - amulet of the acrobat
Stlth   ++           E - ring of wizardry
HPRegen 0.34/turn    w - +5 ring of evasion
MPRegen 0.19/turn

%: acrobat, wizardry (x1)
@: animating dead
A: claws 1, yellow scales 2, ignite blood 2, powered by death 1
a: Renounce Religion, Draw Escape, Draw Destruction, Draw Summoning, Triple
Draw, Deal Four


You were on level 1 of the Lair of Beasts.
You worshipped Nemelex Xobeh.
Nemelex Xobeh was greatly pleased with you.
You visited 3 branches of the dungeon, and saw 13 of its levels.

You collected 1000 gold pieces.

Inventory:

Hand Weapons
 b - the +8 spear of the Big Bang (weapon) {freeze, rPois}
   (You took it off a goblin on level 4 of the Dungeon)

   rPois:     It protects you from poison.
 J - the +3 flail of the Extremes {flame, Stlth+}
   (You found it on level 7 of the Dungeon)

   Stlth:     It makes you more stealthy.
Missiles
 s - 25 poisoned darts (quivered)
 G - 5 silver boomerangs
Armour
 o - quicksilver dragon scales (worn)
 u - a +1 pair of boots (worn)
 v - the +7 ring mail "Kiray" {Int+4 SInv}
   (You found it on level 11 of the Dungeon)

   Int:       It affects your intelligence (+4).
   SInv:      It lets you see invisible.
 B - a scarf of resistance (worn)
 S - a +0 buckler
 U - +0 acid dragon scales
Magical Staves
 D - a staff of fire
Jewellery
 a - a ring of fire
 m - an amulet of the acrobat (around neck)
 w - a +5 ring of evasion (right claw)
 E - a ring of wizardry (left claw)
Wands
 r - a wand of flame (24)
 A - a wand of mindburst (7)
 V - a wand of polymorph (5)
Scrolls
 e - 2 scrolls of enchant weapon
 f - 5 scrolls of teleportation
 g - 3 scrolls of blinking
 C - 3 scrolls of immolation
 O - a scroll of fog
 X - 2 scrolls of identify
Potions
 i - 2 potions of curing
 j - 5 potions of heal wounds
 l - 2 potions of might
 x - 2 potions of resistance
 z - 2 potions of haste
 I - a potion of ambrosia
 K - a potion of flight
 N - a potion of lignification
 W - a potion of magic
Miscellaneous
 F - a lightning rod (4/4)
 Y - a phantom mirror


   Skills:
 + Level 5.4 Fighting
 + Level 1.5 Maces & Flails
 + Level 8.6 Polearms
 + Level 1.1 Throwing
 + Level 6.3 Armour
 + Level 5.6 Dodging
 + Level 4.1 Stealth
 * Level 3.1 Shields
 + Level 8.3 Spellcasting
 * Level 2.4 Summonings
 * Level 10.8 Necromancy
 * Level 3.4 Invocations
 + Level 1.2 Evocations


You had 18 spell levels left.
You knew the following spells:

 Your Spells              Type           Power      Damage    Failure   Level
a - Necrotise             Necr           100%       1d9       1%          1
b - Vampiric Draining     Necr           51%        2d9       1%          3
c - Animate Dead          Necr           51%        N/A       1%          4
d - Summon Small Mammal   Summ           72%        N/A       2%          1

Your spell library contained the following spells:

 Spells                   Type           Power      Damage    Failure   Level
 Dispel Undead            Necr           51%        3d19      1%          4
 Cigotuvi's Dreadful Rot  Necr/Pois/Air  44%        N/A       2%          2
 Agony                    Necr           51%        N/A       2%          5
 Apportation              Tloc           16%        N/A       8%          1
 Sandblast                Erth           16%        2d6       8%          1
 Slow                     Hex            32%        N/A       8%          1
 Passwall                 Tmut/Erth      6%         N/A       12%         2
 Death Channel            Necr           25%        N/A       14%         6
 Dazzling Flash           Conj/Hex       16%        N/A       22%         3
 Ignite Poison            Fire/Tmut/Pois 8%         N/A       22%         3
 Stone Arrow              Conj/Erth      16%        3d8       22%         3
 Volatile Blastmotes      Fire/Tloc      16%        2d11      22%         3
 Iskenderun's Mystic Bla  Conj/Tloc      8%         2d4       56%         4
 Petrify                  Tmut/Erth      8%         N/A       56%         4
 Freezing Cloud           Conj/Ice/Air   4%         6-21      88%         5
 Starburst                Conj/Fire      4%         6d3       100%        6
 Statue Form              Tmut/Erth      5%         N/A       100%        6
 Necromutation            Tmut/Necr      14%        N/A       100%        8
 Chain Lightning          Conj/Air       4%         3d5       100%        9
 Fire Storm               Conj/Fire      4%         8d1       100%        9
 Shatter                  Erth           4%         3d7*      100%        9


Dungeon Overview and Level Annotations

Branches:
Dungeon (11/15)            Temple (1/1) D:6            Lair (1/5) D:11
    Orc (0/2) D:10

Altars:
Ashenzari
Cheibriados
Dithmenos
Fedhas
Gozag
Hepliaklqana
Kikubaaqudgha
Makhleb
Nemelex Xobeh
Okawaru
Qazlal
Ru
Sif Muna
Trog
Uskayaw
Vehumet
Wu Jian
Xom
Yredelemnul

Shops:
D:3 (

Annotations:
D:9 3 runed translucent doors
Lair:1 Amaemon, Gastronok


Innate Abilities, Weirdness & Mutations

You have sharp fingernails.
You are mostly covered in yellow scales. (AC +3)
Your demonic aura often causes spilled blood to erupt in flames.
You regenerate a little health from kills.


Message History

You have drawn the Orb.
Press: ? - help, Shift-Dir - straight line, f/p - Gastronok
Aim: Gastronok, wearing a +2 hat of see invisible (almost dead)
The withered plant crumbles away. x3
Amaemon casts a spell.
A yak comes into view.
The wavering orb of destruction hits Gastronok!!
Gastronok is almost dead.
You draw a card...
You have drawn Degeneration.
Gastronok evaporates and reforms as a juggernaut!
Gastronok twists and deforms.
Amaemon evaporates and reforms as a hornet!
Amaemon twists and deforms.
The yak evaporates and reforms as a black bear!
The black bear twists and deforms.
The scorpion evaporates and reforms as a boggart!
The boggart twists and deforms.
The scorpion evaporates and reforms as a wolf!
The wolf twists and deforms.
The scorpion evaporates and reforms as a centaur!
The centaur twists and deforms.
A nearby plant withers and dies.
The withered plant crumbles away. x4; A nearby plant withers and dies.
The withered plant crumbles away. x2; A nearby fungus withers and dies.
The withered plant crumbles away. x7; A nearby fungus withers and dies.
The withered plant crumbles away. x2; A nearby plant withers and dies.
The withered plant crumbles away. x2
Casting: Animate Dead (mildly dangerous; 1% risk of failure)
Confirm with . or Enter, or press ? or * to list all spells.
Aiming: Vampiric Draining (safe; 1% risk of failure)
Press: ? - help, Shift-Dir - straight line, f/p - Gastronok
Aim: Gastronok the juggernaut (lightly wounded, misshapen and mutated)
You draw life force from Gastronok!
You feel life coursing into your body.
The black bear growls angrily.
The withered plant crumbles away. x3; A nearby plant withers and dies.
A nearby fungus withers and dies.
The withered plant crumbles away.
A nearby fungus withers and dies. x5; A nearby plant withers and dies.
Gastronok hits you!!!
Ouch! That really hurt!
You die...
Your body glows slightly and disappears.

...P.# ......
...c..g .h..).h####
#...#y...P######
#.......[.......
.#>.....C.....##
......PP@P.....#
#!....PP.P.....#
##............#
##....$.......# ...
#......⌠..PP..# .
.#.#.........PP..#
.> ............PP..#
#.#.##........PP..#
##
.....##..PPP.PPP...#


You could see Gastronok the juggernaut (misshapen), Amaemon the hornet
(misshapen), a black bear (misshapen), a wolf (summoned, misshapen), a centaur
(summoned, misshapen) and a boggart (summoned, misshapen).

Vanquished Creatures
  A rakshasa (D:11)
  A hydra (D:11)
  4 two-headed ogres
  A catoblepas (D:11)
  Sonja (D:10)
  Lodul (D:10)
  The ghost of Vorhees the Skirmisher, a novice GnHu (D:7)
  A skeletal warrior (D:11)
  An orange crystal statue (D:9)
  An unseen horror (D:9)
  An orange demon (Lair:1)
  A komodo dragon (D:11)
  2 trolls (D:11)
  Prince Ribbit (D:7)
  A hornet (D:10)
  4 wraiths
  12 yaks
  A vampire (D:10)
  A wyvern (D:7)
  A steam dragon (D:8)
  A vampire mosquito (D:8)
  2 acid dragons
  A water moccasin (Lair:1)
  4 orc warriors
  A sky beast (D:7)
  9 ogres
  4 black bears
  2 ice beasts
  6 centaurs
  4 phantoms
  2 kobold brigands
  6 scorpions
  2 bullfrogs
  3 gnoll sergeants
  13 killer bees
  4 howler monkeys
  3 hounds
  A gnoll bouda (D:4)
  A jelly (D:8)
  5 orc priests
  A sleepcap (D:4)
  3 iguanas
  A scorpion zombie (D:4)
  5 orc wizards
  4 killer bee zombies
  2 ogre zombies (D:10)
  2 howler monkey zombies (D:10)
  16 gnolls
  A steam dragon zombie (D:8)
  8 adders
  2 shadow imps
  3 white imps
  2 worms (D:3)
  A dart slug (D:2)
  28 orcs
  9 ball pythons
  4 endoplasms
  5 giant cockroaches
  6 gnoll zombies
  8 hobgoblins
  4 quokkas
  5 bats
  4 frilled lizards
  9 goblins
  16 kobolds
  7 orc zombies
  3 rats
271 creatures vanquished.

Vanquished Creatures (collateral kills)
  The ghost of kwasso the Brooding, a novice DsAr of Hepliaklqana (D:8)
  A wraith (D:11)
  A steam dragon (D:8)
  A black bear (D:11)
  2 orc warriors (D:11)
  2 killer bees (D:11)
  A howler monkey (D:10)
  3 orcs
12 creatures vanquished.

Vanquished Creatures (others)
  4 killer bee zombies
  An acid dragon zombie (D:10)
  2 ogre zombies (D:10)
  2 gnoll zombies
  An endoplasm zombie (D:4)
  3 orc zombies
  20 fungi
  32 plants
  28 withered plants (Lair:1)
93 creatures vanquished.

Grand Total: 376 creatures vanquished

Notes
Turn   | Place    | Note
-------+----------+-------------------------------------------
     0 | D:1      | Termiter the Demonspawn Necromancer began the quest for the
                  | Orb.
     0 | D:1      | Reached XP level 1. HP: 13/13 MP: 3/3
   475 | D:1      | Gained mutation: Your demonic aura sometimes causes spilled
                  | blood to erupt in flames. [demonic ancestry]
   475 | D:1      | Reached XP level 2. HP: 19/19 MP: 1/5
   594 | D:1      | Reached skill level 5 in Necromancy
  1293 | D:2      | Found a shadowy altar of Dithmenos.
  1301 | D:2      | Gained mutation: You are partially covered in yellow
                  | scales. (AC +2) [demonic ancestry]
  1301 | D:2      | Reached XP level 3. HP: 24/24 MP: 3/6
  1305 | D:2      | Learned a level 3 spell: Vampiric Draining
  1926 | D:2      | Gained mutation: Your demonic aura often causes spilled
                  | blood to erupt in flames. [demonic ancestry]
  1926 | D:2      | Reached XP level 4. HP: 30/30 MP: 8/8
  1956 | D:2      | Got the Compendium of Transformed Hexing
  2343 | D:3      | Found Med Fel's Weapon Boutique.
  2669 | D:3      | Found a sparkling altar of Nemelex Xobeh.
  2689 | D:3      | Became a worshipper of Nemelex Xobeh the Trickster
  2839 | D:3      | Noticed a black bear
  2848 | D:3      | Killed a black bear
  2849 | D:3      | Reached skill level 1 in Maces & Flails
  2849 | D:3      | Reached skill level 6 in Necromancy
  2849 | D:3      | Reached XP level 5. HP: 22/35 MP: 5/10
  3175 | D:3      | Learned a level 4 spell: Animate Dead
  3398 | D:4      | Reached XP level 6. HP: 39/41 MP: 4/11
  3400 | D:4      | Identified the +8 spear of the Big Bang {freeze, rPois}
  3591 | D:4      | Reached * piety under Nemelex Xobeh
  3610 | D:4      | Reached skill level 1 in Armour
  3646 | D:4      | Reached XP level 7. HP: 39/47 MP: 9/13
  3767 | D:4      | Received a gift from Nemelex Xobeh
  3828 | D:4      | Reached skill level 1 in Fighting
  3828 | D:4      | Reached skill level 1 in Polearms
  4162 | D:5      | Entered Level 5 of the Dungeon
  4180 | D:5      | Reached skill level 7 in Necromancy
  4469 | D:5      | Gained mutation: You are mostly covered in yellow scales.
                  | (AC +3) [demonic ancestry]
  4469 | D:5      | Reached XP level 8. HP: 54/54 MP: 15/15
  4794 | D:5      | Reached skill level 5 in Spellcasting
  4863 | D:5      | Found a hide-covered altar of Uskayaw.
  4863 | D:5      | Found a hazy altar of Hepliaklqana.
  4911 | D:6      | Reached ** piety under Nemelex Xobeh
  4911 | D:6      | Received a gift from Nemelex Xobeh
  5159 | D:6      | Found a staircase to the Ecumenical Temple.
  5194 | D:6      | Found a snail-covered altar of Cheibriados.
  5221 | Temple   | Entered the Ecumenical Temple
  5284 | D:6      | Found a shadowy altar of Dithmenos.
  5421 | D:6      | Found a bloodstained altar of Trog.
  5501 | D:6      | Found a burning altar of Makhleb.
  5512 | D:6      | Found an opulent altar of Gozag.
  5753 | D:7      | You fall into a shaft and drop 3 floors!
  5753 | D:10     | Entered Level 10 of the Dungeon
  5755 | D:10     | Noticed a hornet
  5763 | D:10     | Noticed Lodul
  5781 | D:10     | Reached skill level 1 in Throwing
  5791 | D:10     | Reached XP level 9. HP: 61/61 MP: 14/17
  5800 | D:10     | Killed Lodul
  5801 | D:10     | Reached skill level 8 in Necromancy
  5818 | D:10     | Reached skill level 5 in Polearms
  6067 | D:7      | Identified the +12 spear of Wolluas {antimagic, rPois}
  6181 | D:7      | Found an ancient bone altar of Kikubaaqudgha.
  6181 | D:7      | Found a blossoming altar of Fedhas.
  6198 | D:7      | Noticed Prince Ribbit
  6203 | D:7      | Killed Prince Ribbit
  6286 | D:7      | Found a runed translucent gate.
  6287 | D:7      | Found a runed translucent gate.
  6287 | D:7      | Found a runed translucent gate.
  6287 | D:7      | Noticed Vorhees's ghost (novice GnHu)
  6525 | D:7      | Found a broken altar of Ashenzari.
  6676 | D:7      | Reached *** piety under Nemelex Xobeh
  6789 | D:7      | Received a gift from Nemelex Xobeh
  6896 | D:7      | Gained mutation: You regenerate a little health from kills.
                  | [demonic ancestry]
  6896 | D:7      | Reached XP level 10. HP: 70/70 MP: 19/19
  6911 | D:7      | Killed Vorhees's ghost
  6931 | D:7      | Identified the +3 flail of the Extremes {flame, Stlth+}
  7099 | D:8      | Reached skill level 9 in Necromancy
  7267 | D:8      | Found a runed translucent door.
  7267 | D:8      | Noticed kwasso's ghost (novice DsAr)
  7336 | D:8      | Found an iron altar of Okawaru.
  7345 | D:8      | Noticed a two-headed ogre
  7354 | D:8      | Killed a two-headed ogre
  7470 | D:8      | Found an ornate altar of the Wu Jian Council.
  7473 | D:8      | Found a shimmering blue altar of Sif Muna.
  7846 | D:8      | Killed kwasso's ghost
  7947 | D:9      | Noticed a two-headed ogre
  7955 | D:9      | Killed a two-headed ogre
  7956 | D:9      | Reached skill level 5 in Armour
  8032 | D:9      | Found a stormy altar of Qazlal.
  8312 | D:9      | Found a runed translucent door.
  8315 | D:9      | Identified the +2 long sword "Durer" {freeze, *Corrode
                  | rElec Dex+4}
  8333 | D:9      | Found a runed translucent door.
  8338 | D:9      | Gained mutation: You have sharp fingernails. [demonic
                  | ancestry]
  8338 | D:9      | Reached XP level 11. HP: 78/78 MP: 22/22
  8348 | D:9      | Found a runed translucent door.
  8406 | D:9      | Found a runed translucent door.
  8605 | D:9      | Noticed an orange crystal statue
  8662 | D:9      | Killed an orange crystal statue
  8663 | D:9      | Reached skill level 10 in Necromancy
  8764 | D:10     | Paralysed by a hornet for 1 turns
  8772 | D:10     | Reached skill level 5 in Dodging
  8947 | D:10     | Noticed Sonja
  8958 | D:10     | Killed Sonja
  8959 | D:10     | Reached skill level 1 in Evocations
  9041 | D:10     | Received a gift from Nemelex Xobeh
  9096 | D:10     | Found a staircase to the Orcish Mines.
  9322 | D:11     | Reached **** piety under Nemelex Xobeh
  9409 | D:11     | Reached skill level 5 in Fighting
  9411 | D:11     | Learned a level 1 spell: Summon Small Mammal
  9449 | D:11     | Noticed a two-headed ogre
  9456 | D:11     | Killed a two-headed ogre
  9457 | D:11     | Reached skill level 1 in Invocations
  9458 | D:11     | Identified the +7 ring mail "Kiray" {Int+4 SInv}
  9639 | D:11     | Reached skill level 1 in Shields
  9665 | D:11     | Received a gift from Nemelex Xobeh
  9786 | D:11     | Noticed a two-headed ogre
  9796 | D:11     | Killed a two-headed ogre
  9797 | D:11     | Reached skill level 1 in Summonings
 10170 | D:11     | Noticed a rakshasa
 10171 | D:11     | Noticed a catoblepas
 10171 | D:11     | Noticed a skeletal warrior
 10171 | D:11     | Noticed an eight-headed hydra
 10172 | D:11     | Killed a catoblepas
 10172 | D:11     | Killed a skeletal warrior
 10172 | D:11     | Killed a rakshasa
 10173 | D:11     | Reached XP level 12. HP: 86/86 MP: 24/24
 10180 | D:11     | Killed an eight-headed hydra
 10423 | D:11     | Found a staircase to the Lair.
 10682 | Lair:1   | Entered Level 1 of the Lair of Beasts
 10797 | Lair:1   | Noticed Gastronok
 10809 | Lair:1   | Noticed Amaemon
 10814 | Lair:1   | Gastronok changed into Gastronok the juggernaut
 10814 | Lair:1   | Noticed Gastronok
 10814 | Lair:1   | Amaemon changed into Amaemon the hornet
 10814 | Lair:1   | Noticed Amaemon
 10815 | Lair:1   | Mangled by Gastronok the juggernaut

Illustrated notes

Levels and vault maps discovered:
D:1:      zelgadis_glass_arrival_small, layout_loops_corners, serial_rivers,
          chequers_serial_rivers_micro_b, chequers_serial_rivers_room_a,
          chequers_serial_rivers_micro_e, chequers_serial_rivers_micro_b,
          chequers_serial_rivers_micro_a, chequers_serial_rivers_micro_b
D:2:      layout_basic, basic_altar, serial_park_tiny_2, minmay_circle_x
D:3:      layout_basic, mainiacjoe_overflow_alcove_2, serial_shops, shop
D:4:      layout_gridville
D:5:      layout_cave_pods, gammafunk_temple_overflow_claw
D:6:      layout_basic, nicolae_overflow_quartered_altars,
          mainiacjoe_overflow_paths, temple_hall
D:7:      layout_basic, grunt_temple_overflow_growth_and_decay,
          general_overflow_altar, gammafunk_ghost_split, uniq_prince_ribbit1
D:8:      layout_rooms, lemuel_tele_altar, minitemple, ebering_ghost_inner_flame
D:9:      layout_roguey, nicolae_qazlal_style_of_elements,
          minmay_statue_crystal_thing
D:10:     layout_loops_ring, orc_0_dummy, uniq_lodul, uniq_sonja
D:11:     minmay_chambers_of_sevens, layout_irregular_city,
          grunt_lair_entry_orc_guard_hut
Temple:   nicolae_temple_stand_before_the_council
Lair:1:   layout_loops_ring, gammafunk_ghost_hive, st_stairs_13,
          bh_autumn_forest_stairs, minivault_24, serial_bayou_pond_c,
          pdpol_lair_neglected_garden, dreamdust_deal_with_the_devil,
          lemuel_fruit_tree, uniq_gastronok, uniq_amaemon

Skill      XL: |  1  2  3  4  5  6  7  8  9 10 11 |
---------------+----------------------------------+-----
Necromancy     | 5 6 7 8 9 10 | 10.8
Spellcasting   | 3 4 5 6 7 8 |  8.3
Maces & Flails | 1 |  1.5
Dodging        | 2 3 4 5 |  5.6
Stealth        | 2 3 4 |  4.1
Armour         | 1 2 3 4 5 6 |  6.3
Fighting       | 1 2 3 4 5 |  5.4
Polearms       | 2 4 6 7 8 |  8.6
Throwing       | 1 |  1.1
Evocations     | 1 |  1.2
Invocations    | 3 |  3.4
Shields        | 3 |  3.1
Summonings     | 2 |  2.4

Action                     |  1- 3 |  4- 6 |  7- 9 | 10-12 || total
---------------------------+-------+-------+-------+-------++-------
  Melee: Unarmed           |     3 |       |       |       ||     3
         Whip              |    15 |   101 |       |       ||   116
         Punch             |       |     2 |     2 |     1 ||     5
         Spear             |       |    23 |   228 |   324 ||   575
  Throw: Dart              |       |     9 |     6 |       ||    15
   Cast: Necrotise         |    50 |    26 |     3 |       ||    79
         Vampiric Draining |       |     3 |       |     9 ||    12
         Animate Dead      |       |     1 |     1 |     6 ||     8
 Invoke: Draw Destruction  |       |       |     2 |    18 ||    20
         Draw Summoning    |       |       |       |     1 ||     1
         Draw Escape       |       |       |       |     1 ||     1
  Evoke: Wand              |       |       |       |    14 ||    14
         Lightning rod     |       |       |       |     2 ||     2
    Use: Scroll            |       |    10 |     5 |     9 ||    24
         Potion            |       |     5 |       |     2 ||     7
   Stab: Sleeping          |     1 |       |     2 |     1 ||     4
         Distracted        |       |     1 |       |     2 ||     3
 Armour: Quicksilver drago |    11 |    73 |    55 |   127 ||   266
  Dodge: Dodged            |    18 |   155 |   138 |   276 ||   587
